 Dungeon Crawl Stone Soup version 0.30-a0-924-g0ad0bf95bc (webtiles) character file.

Game seed: 5463131090232421375

31 billz999 the Skirmisher (level 3, -4/31 HPs)
             Began as a Gnoll Hunter on Mar 22, 2023.
             Slain by Terence
             ... wielding a +0 mace
              (8 damage)
             ... on level 2 of the Dungeon.
             The game lasted 00:02:07 (925 turns).

billz999 the Skirmisher (Gnoll Hunter)               Turns: 925, Time: 00:02:08

Health: -4/31      AC:  3    Str: 10    XL:     3   Next: 22%
Magic:  0/4        EV: 13    Int: 10    God:
Gold:   99         SH:  0    Dex: 15    Spells: 1/3 levels left

rFire   . . .      SeeInvis .    a - +0 shortbow
rCold   . . .      Faith    .    (shield currently unavailable)
rNeg    . . .      Spirit   .    c - +0 leather armour
rPois   .          Reflect  .    (no helmet)
rElec   .          Rampage  .    (no cloak)
rCorr   .                        (no gloves)
Will    .....                    (no boots)
Stlth   ++                       (no amulet)
HPRegen 0.25/turn                (no ring)
MPRegen 0.09/turn                (no ring)

@: about to teleport, very slightly contaminated
A: fangs 1, strong nose, distributed training
a: no special abilities


You were on level 2 of the Dungeon.
You visited 1 branch of the dungeon, and saw 2 of its levels.

You collected 99 gold pieces.

Inventory:

Hand Weapons
 a - a +0 shortbow (weapon)
Armour
 c - a +0 leather armour (worn)
Scrolls
 b - a scroll of immolation
 d - a scroll of fog
 g - a scroll of amnesia {unknown}
 h - 3 scrolls of identify {unknown}


   Skills:
 + Level 4.5 Fighting
 + Level 0.7 Short Blades
 + Level 0.7 Long Blades
 + Level 0.7 Axes
 + Level 0.7 Maces & Flails
 + Level 0.7 Polearms
 + Level 0.7 Staves
 + Level 8.5 Ranged Weapons
 + Level 0.7 Throwing
 + Level 0.7 Armour
 + Level 4.5 Dodging
 + Level 2.3 Stealth
 + Level 0.7 Shields
 + Level 0.7 Unarmed Combat
 + Level 0.7 Spellcasting
 + Level 0.5 Conjurations
 + Level 0.5 Hexes
 + Level 0.5 Summonings
 + Level 0.5 Necromancy
 + Level 0.5 Translocations
 + Level 0.5 Transmutations
 + Level 0.5 Fire Magic
 + Level 0.5 Ice Magic
 + Level 0.5 Air Magic
 + Level 0.5 Earth Magic
 + Level 0.5 Poison Magic
 + Level 0.9 Invocations
 + Level 0.7 Evocations


You had one spell level left.
You knew the following spells:

 Your Spells              Type           Power      Damage    Failure   Level
a - Blink                 Tloc           2%         N/A       52%         2

Your spell library contained the following spells:

 Spells                   Type           Power      Damage    Failure   Level
 Lesser Beckoning         Tloc           2%         N/A       52%         2
 Momentum Strike          Conj/Tloc      2%         3d8       52%         2
 Inner Flame              Hex/Fire       1%         N/A       75%         3
 Cause Fear               Hex            0%         N/A       98%         4
 Discord                  Hex            0%         N/A       100%        8


Dungeon Overview and Level Annotations

Branches:
Dungeon (2/15)

Altars:

Shops:
D:1 [

Annotations:
D:2 Terence


Innate Abilities, Weirdness & Mutations

You have very sharp teeth.
Your uncanny sense of smell can sniff out nearby items.
Your experience applies equally to all skills.


Message History

You shoot an arrow. The arrow barely misses Terence.
Terence closely misses you. Terence misses you.
You shoot an arrow.
The arrow hits Terence but does no damage.
Terence hits you with a +0 mace.
Okay, then.
You aren't carrying any items that you can evoke.
Unknown command.
It was a potion of magic.
Magic courses through your body. Terence hits you with a +0 mace!
You open the door. Terence hits you with a +0 mace.
Found a whip.
Found a dagger.
There is an open door here.
Terence attacks as you move away! Terence hits you with a +0 mace.
Terence attacks as you move away! Terence hits you with a +0 mace.
Terence attacks as you move away! Terence closely misses you.
There is a stone staircase leading up here.
Sorry, you're not good enough to have a special ability.
Unknown command.
Casting: Blink (quite dangerous; 52% risk of failure)
Confirm with . or Enter, or press ? or * to list all spells.
The spell is quite dangerous to miscast (52% risk of failure)!
Continue anyway?
You miscast Blink.
You are very lightly contaminated with residual magic.
Nothing appears to happen.
Terence hits you with a +0 mace!
* * * LOW HITPOINT WARNING * * *
Casting: Blink (quite dangerous; 52% risk of failure)
Confirm with . or Enter, or press ? or * to list all spells.
The spell is quite dangerous to miscast (52% risk of failure)!
Continue anyway?
You miscast Blink.
Nothing appears to happen.
Terence misses you.
Terence says, "You're history."
Terence attacks as you move away! Terence hits you with a +0 mace.
* * * LOW HITPOINT WARNING * * *
It was a potion of curing.
You feel better. Terence hits you with a +0 mace!
* * * LOW HITPOINT WARNING * * *
As you read the scroll labelled DULUXA DEOPRYCHE, it crumbles to dust.
You feel strangely unstable.
It was a scroll of teleportation.
Terence hits you with a +0 mace!
You die...

.......
+).......
#........
+........
#........
.........
#####........
#.@.'........
#@###...)....
#.<##........
#...S[.......
#.###########
...# #####


You could see Terence.

Vanquished Creatures
  A dart slug (D:1)
  3 ball pythons (D:1)
  3 endoplasms (D:1)
  2 giant cockroaches (D:1)
  A goblin (D:1)
  2 hobgoblins (D:1)
  5 jackals (D:1)
  A quokka (D:1)
  4 bats (D:1)
  3 rats (D:1)
25 creatures vanquished.

Notes
Turn   | Place    | Note
-------+----------+-------------------------------------------
     0 | D:1      | billz999 the Gnoll Hunter began the quest for the Orb.
     0 | D:1      | Reached XP level 1. HP: 20/20 MP: 1/1
    52 | D:1      | Found a faded altar of an unknown god.
   141 | D:1      | Found Nawyunin's Armour Emporium.
   212 | D:1      | Reached XP level 2. HP: 23/26 MP: 2/2
   668 | D:1      | Reached XP level 3. HP: 31/31 MP: 3/3
   675 | D:1      | Learned a level 2 spell: Blink
   903 | D:2      | Noticed Terence
   925 | D:2      | Slain by Terence

Illustrated notes

Levels and vault maps discovered:
D:1:      evilmike_arrival_crescent, layout_loops_corners,
          hellmonk_ecumenical_altar_lost_god, serial_shops, shop,
          hangedman_feature_mirror
D:2:      layout_basic, serial_shops, shop_statue, chequers_hall_statues_y,
          st_stairs_9, uniq_jessica, uniq_terence

Action                     || total
---------------------------++-------
   Fire: Shortbow          ||    68
    Use: Scroll            ||     2
         Potion            ||     2
 Armour: Leather armour    ||     8
  Dodge: Dodged            ||    25

Table legend: (Time is in decaauts)
 A = Elapsed time spent in this place.
 B = Non-inter-level travel time spent in this place.
 C = Inter-level travel time spent in this place.
 D = Time resting spent in this place.
 E = Time spent auto-exploring this place.
 F = Levels seen in this place.
 G = Mean time per level.
                   A        B        C        D        E       F      G
               +--------+--------+--------+--------+--------+-----+--------+
         Total |    933 |    908 |     25 |      0 |    760 |   2 |  466.5 |
       Dungeon |    933 |    908 |     25 |      0 |    760 |   2 |  466.5 |
               +--------+--------+--------+--------+--------+-----+--------+

Top non-repeatable levels by time:
     D:1: 907 daAuts
     D:2: 26 daAuts
